 Dungeon Crawl Stone Soup version 0.28.0-1-gb440e238dd (webtiles) character file.

Game seed: 10794274914289247306

2621 Ablot the Magician (level 9, -3/71 HPs)
             Began as a Gnoll Warper on Feb 20, 2022.
             Was a Believer of Okawaru.
             Slain by a vampire (7 damage)
             ... on level 7 of the Dungeon.
             The game lasted 00:19:59 (9038 turns).

Ablot the Magician (Gnoll Warper)                   Turns: 9038, Time: 00:19:59

Health: -3/71      AC: 12    Str: 15    XL:     9   Next: 60%
Magic:  17/19      EV: 14    Int: 12    God:    Okawaru [**....]
Gold:   407        SH:  0    Dex: 12    Spells: 13/21 levels left

rFire   . . .      SeeInvis +   a - +0 trident
rCold   . . .      Faith    .   (no shield)
rNeg    . . .      Spirit   .   O - +1 robe {Will+}
rPois   .          Reflect  .   A - +0 helmet {SInv}
rElec   .          Harm     .   (no cloak)
rCorr   .          Rampage  .   D - +0 pair of gloves
Will    +....                   w - +1 pair of boots
Stlth   +++.......              (no amulet)
HPRegen 0.21/turn               i - +4 ring of protection
MPRegen 0.16/turn               m - ring of wizardry

@: on blink cooldown
A: fangs 1, strong nose, distributed training
a: Renounce Religion, Heroism


You were on level 7 of the Dungeon.
You worshipped Okawaru.
Okawaru was pleased with you.
You visited 2 branches of the dungeon, and saw 8 of its levels.

You collected 407 gold pieces.

Inventory:

Hand Weapons
 a - a +0 trident (weapon)
 b - a +0 short sword of draining
 z - a +1 short sword of speed
 F - a +1 dagger of venom
Missiles
 d - 5 boomerangs of dispersal
 g - 139 stones
 l - 180 arrows
 n - 23 sling bullets
 r - 11 poisoned darts (quivered)
 C - 11 boomerangs
 G - 34 bolts
Armour
 w - a +1 pair of boots (worn)
 y - the +1 robe of Intense Beauty {rN+ rCorr Str+2 Int-4}
   (You found it on level 3 of the Dungeon)

   Str:       It affects your strength (+2).
   Int:       It affects your intelligence (-4).
   rN:        It protects you from negative energy.
   rCorr:     It protects you from acid and corrosion.
 A - a +0 helmet of see invisible (worn)
 D - a +0 pair of gloves (worn)
 L - a +2 leather armour of fire resistance
 O - a +1 robe of willpower (worn)
Magical Staves
 p - a staff of earth
Jewellery
 i - a +4 ring of protection (left hand)
 m - a ring of wizardry (right hand)
 u - a ring of protection from cold
Wands
 H - a wand of digging (12)
 N - a wand of paralysis (5)
Scrolls
 c - a scroll of blinking
 h - 2 scrolls of magic mapping {unknown}
 j - 2 scrolls of teleportation {unknown}
 k - a scroll of vulnerability {unknown}
 o - a scroll of fear {unknown}
 q - a scroll of acquirement {unknown}
 x - a scroll of enchant weapon {unknown}
 E - a scroll of amnesia {unknown}
 K - a scroll of immolation {unknown}
 M - a scroll of identify
Potions
 e - 5 potions of magic
 f - 3 potions of might
 s - 2 potions of curing
 t - 2 potions of haste {unknown}
 v - a potion of cancellation {unknown}
 B - a potion of mutation {unknown}
 I - a potion of flight {unknown}
 J - a potion of heal wounds {unknown}


   Skills:
 + Level 6.4 Fighting
 + Level 4.4 Short Blades
 + Level 4.4 Long Blades
 + Level 4.4 Axes
 + Level 4.4 Maces & Flails
 + Level 6.4 Polearms
 + Level 4.4 Staves
 + Level 4.4 Slings
 + Level 4.4 Bows
 + Level 4.4 Crossbows
 + Level 5.2 Throwing
 + Level 5.2 Armour
 + Level 6.4 Dodging
 + Level 4.4 Stealth
 + Level 4.4 Shields
 + Level 4.4 Unarmed Combat
 + Level 6.7 Spellcasting
 + Level 3.6 Conjurations
 + Level 3.6 Hexes
 + Level 3.6 Summonings
 + Level 3.6 Necromancy
 + Level 6.6 Translocations
 + Level 3.6 Transmutations
 + Level 3.6 Fire Magic
 + Level 3.6 Ice Magic
 + Level 3.6 Air Magic
 + Level 3.6 Earth Magic
 + Level 3.6 Poison Magic
 + Level 4.8 Invocations
 + Level 4.4 Evocations


You had 13 spell levels left.
You knew the following spells:

 Your Spells              Type           Power      Damage    Failure   Level
a - Blink                 Tloc           40%        N/A       1%          2
b - Gell's Gravitas       Tloc           20%        N/A       1%          3
c - Dazzling Flash        Conj/Hex       24%        N/A       4%          3

Your spell library contained the following spells:

 Spells                   Type           Power      Damage    Failure   Level
 Lesser Beckoning         Tloc           20%        N/A       1%          3
 Teleport Other           Tloc           20%        N/A       1%          3
 Ignite Poison            Fire/Tmut/Pois 12%        N/A       4%          3
 Mephitic Cloud           Conj/Pois/Air  12%        N/A       4%          3
 Manifold Assault         Tloc           20%        N/A       12%         5
 Cause Fear               Hex            6%         N/A       16%         4
 Agony                    Necr           12%        N/A       38%         5
 Freezing Cloud           Conj/Ice/Air   6%         6-21      38%         5
 Silence                  Hex/Air        6%         N/A       38%         5
 Dragon Form              Tmut           6%         N/A       100%        7
 Dragon's Call            Summ           Unusable   N/A       N/A         9

Dungeon Overview and Level Annotations

Branches:
Dungeon (7/15)             Temple (1/1) D:6

Altars:
Ashenzari
Cheibriados
Dithmenos
Elyvilon
Fedhas
Gozag
Hepliaklqana
Kikubaaqudgha
Makhleb
Nemelex Xobeh
Okawaru
Qazlal
Trog
Uskayaw
Vehumet
Wu Jian
Xom
Yredelemnul
Zin
The Shining One

Annotations:
D:7 1 runed translucent door


Innate Abilities, Weirdness & Mutations

You have very sharp teeth.
Your uncanny sense of smell can sniff out nearby items.
Your experience applies equally to all skills.


Message History

The vampire is heavily damaged.
You feel sick. The vampire closely misses you. The vampire misses you.
You closely miss the vampire.
The vampire is heavily damaged.
You feel sick. The vampire draws life force from you!
The vampire is healed by the life force!
Unknown command.
You hit the vampire.
The vampire is lightly damaged.
You feel sick.
You are no longer poisoned.
The vampire hits you with a staff of poison.
The vampire envenoms you!
You are poisoned.
The vampire misses you.
You hit the vampire. Your bite misses the vampire.
The vampire is lightly damaged.
You feel sick.
The vampire hits you with a staff of poison.
* * * LOW HITPOINT WARNING * * *
The vampire envenoms you.
* * * LOW HITPOINT WARNING * * *
You are more poisoned.
The vampire bites you!
* * * LOW HITPOINT WARNING * * *
The vampire draws strength from your injuries!
Unknown command.
Casting: Blink (safe; 1% risk of failure)
Confirm with . or Enter, or press ? or * to list all spells.
You blink.
A gargoyle comes into view. It is wielding a +0 mace.
You feel sick.
You feel sick.
You feel sick.
You are no longer poisoned.
The vampire hits you with a staff of poison.
* * * LOW HITPOINT WARNING * * *
The vampire misses you.
The vampire hits you with a staff of poison!
You die...

#### ...#..V#..# #######.#..#.. #
.# .∆#.#..#####..........###
...#...#........#####.#.##
#....#.#...#.##.#####.#.# ∆
#..9.#...#.#........#.#
#..#...#.#.########.####
#.............#.......
c######..V#.######.#.......
Z+........@.<)..##.#.......
u######..#.)#.#.##.#.......
###....#.##.#.##.#.......
###......#.##.#....#.......
###..........##.######.......
###......##....##.# #.......
###......####....##)######.......
....##.### #...................#
.##....# #...........).......#


You could see a vampire and a gargoyle.

Vanquished Creatures
  A boulder beetle (D:7)
  A water moccasin (D:7)
  An orc warrior (D:6)
  An ice beast (D:5)
  A necrophage (D:6)
  An ogre (D:5)
  4 centaurs
  3 bullfrogs
  2 wyvern skeletons
  4 howler monkeys
  2 orc priests (D:6)
  A hound (D:6)
  3 jellies
  A bullfrog skeleton (D:4)
  A centaur skeleton (D:5)
  An orc wizard (D:3)
  5 iguanas
  A hound skeleton (D:5)
  13 adders
  7 gnolls
  A howler monkey skeleton (D:7)
  2 shadow imps
  4 white imps
  An ufetubus (D:4)
  2 adder skeletons
  A worm (D:3)
  A dart slug (D:2)
  27 orcs
  7 endoplasms
  5 giant cockroaches
  8 hobgoblins
  4 jackals
  10 kobolds
  4 quokkas
  6 ball pythons
  3 bats
  6 frilled lizards
  4 goblins
  2 rats
152 creatures vanquished.

Vanquished Creatures (others)
  3 plants (D:6)
3 creatures vanquished.

Grand Total: 155 creatures vanquished

Notes
Turn   | Place    | Note
-------+----------+-------------------------------------------
     0 | D:1      | Ablot the Gnoll Warper began the quest for the Orb.
     0 | D:1      | Reached XP level 1. HP: 20/20 MP: 6/6
   330 | D:1      | Reached XP level 2. HP: 26/26 MP: 7/7
   333 | D:1      | Learned a level 2 spell: Blink
   689 | D:1      | Found a faded altar of an unknown god.
  1205 | D:2      | Reached XP level 3. HP: 2/31 MP: 9/9
  1206 | D:2      | Reached skill level 5 in Spellcasting
  1639 | D:2      | Reached skill level 1 in Invocations
  1881 | D:2      | Reached skill level 1 in Short Blades
  1881 | D:2      | Reached skill level 1 in Long Blades
  1881 | D:2      | Reached skill level 1 in Axes
  1881 | D:2      | Reached skill level 1 in Maces & Flails
  1881 | D:2      | Reached skill level 1 in Staves
  1881 | D:2      | Reached skill level 1 in Slings
  1881 | D:2      | Reached skill level 1 in Bows
  1881 | D:2      | Reached skill level 1 in Crossbows
  1881 | D:2      | Reached skill level 1 in Stealth
  1881 | D:2      | Reached skill level 1 in Shields
  1881 | D:2      | Reached skill level 1 in Unarmed Combat
  1881 | D:2      | Reached skill level 1 in Evocations
  2089 | D:2      | Reached XP level 4. HP: 38/38 MP: 11/11
  2206 | D:3      | Found a broken altar of Ashenzari.
  2299 | D:3      | Reached skill level 1 in Conjurations
  2299 | D:3      | Reached skill level 1 in Hexes
  2299 | D:3      | Reached skill level 1 in Summonings
  2299 | D:3      | Reached skill level 1 in Necromancy
  2299 | D:3      | Reached skill level 1 in Transmutations
  2299 | D:3      | Reached skill level 1 in Fire Magic
  2299 | D:3      | Reached skill level 1 in Ice Magic
  2299 | D:3      | Reached skill level 1 in Air Magic
  2299 | D:3      | Reached skill level 1 in Earth Magic
  2299 | D:3      | Reached skill level 1 in Poison Magic
  2720 | D:3      | Found a white marble altar of Elyvilon.
  2758 | D:3      | Reached XP level 5. HP: 43/43 MP: 12/12
  2787 | D:3      | Identified the +1 robe of Intense Beauty {rN+ rCorr Str+2
                  | Int-4}
  3269 | D:3      | Reached XP level 6. HP: 50/50 MP: 13/13
  3801 | D:4      | Reached skill level 5 in Fighting
  3801 | D:4      | Reached skill level 5 in Polearms
  3801 | D:4      | Reached skill level 5 in Dodging
  4216 | D:4      | Reached XP level 7. HP: 41/56 MP: 15/15
  4382 | D:5      | Entered Level 5 of the Dungeon
  4913 | D:5      | Found a blossoming altar of Fedhas.
  5793 | D:6      | Reached XP level 8. HP: 60/63 MP: 16/16
  5801 | D:6      | Learned a level 3 spell: Gell's Gravitas
  6036 | D:6      | Found a staircase to the Ecumenical Temple.
  6042 | Temple   | Entered the Ecumenical Temple
  6051 | Temple   | Became a worshipper of Warmaster Okawaru
  6072 | D:6      | Found a hazy altar of Hepliaklqana.
  7262 | D:7      | Found a runed translucent door.
  7326 | D:7      | Noticed a brown ugly thing
  7326 | D:7      | Noticed a two-headed ogre
  7644 | D:7      | Reached * piety under Okawaru
  7932 | D:7      | Noticed a boulder beetle
  7982 | D:7      | Killed a boulder beetle
  7983 | D:7      | Reached skill level 5 in Throwing
  7983 | D:7      | Reached skill level 5 in Armour
  7983 | D:7      | Reached XP level 9. HP: 13/69 MP: 16/18
  8249 | D:7      | Reached ** piety under Okawaru
  8541 | D:7      | Found a bloodstained altar of Trog.
  9025 | D:7      | Learned a level 3 spell: Dazzling Flash
  9035 | D:7      | Noticed a red ugly thing
  9035 | D:7      | Noticed a gargoyle
  9037 | D:7      | HP: 3/71 [vampire (2)]
  9038 | D:7      | Slain by a vampire

Illustrated notes

Levels and vault maps discovered:
D:1:      matt_arrival_los_fun, layout_loops_corners,
          shapermc_ecumenical_altar_mp_vishouse
D:2:      layout_basic, minmay_quadrilaterals
D:3:      layout_rooms, general_overflow_altar, mainiacjoe_overflow_boulevard,
          minmay_misc_feat_nine_boxes, minmay_puff
D:4:      minmay_diamond_boxcup, layout_cave_pools, minmay_misc_feat_roman,
          kennysheep_nub
D:5:      layout_cave_pods, lemuel_round_altar, fountainhead
D:6:      layout_cave_pods, mainiacjoe_overflow_small_starburst, temple_green,
          serial_rivers, chequers_serial_rivers_micro_b,
          chequers_serial_rivers_marsh, chequers_serial_rivers_micro_b,
          chequers_serial_rivers_room_a, minmay_lizard_king
D:7:      minmay_the_grid_triangle_9x9_rhombus_thin
          [minmay_the_grid_triangle_9x9_pentomino_pain,
          minmay_the_grid_triangle_9x9_prize_insulated,
          minmay_the_grid_triangle_9x9_negative_grid,
          minmay_the_grid_triangle_9x9_fully_insulated_deathbox], layout_basic,
          trog_book, uniq_joseph
Temple:   nicolae_temple_no_exploring_needed

Skill      XL: |  1  2  3  4  5  6  7  8 |
---------------+-------------------------+-----
Spellcasting   | 5 6 |  6.7
Invocations    | 1 2 3 4 |  4.8
Short Blades   | 1 2 4 |  4.4
Long Blades    | 1 2 4 |  4.4
Axes           | 1 2 4 |  4.4
Maces & Flails | 1 2 4 |  4.4
Staves         | 1 2 4 |  4.4
Slings         | 1 2 4 |  4.4
Bows           | 1 2 4 |  4.4
Crossbows      | 1 2 4 |  4.4
Stealth        | 1 2 4 |  4.4
Shields        | 1 2 4 |  4.4
Unarmed Combat | 1 2 4 |  4.4
Evocations     | 1 2 4 |  4.4
Conjurations   | 1 2 3 |  3.6
Hexes          | 1 2 3 |  3.6
Summonings     | 1 2 3 |  3.6
Necromancy     | 1 2 3 |  3.6
Transmutations | 1 2 3 |  3.6
Fire Magic     | 1 2 3 |  3.6
Ice Magic      | 1 2 3 |  3.6
Air Magic      | 1 2 3 |  3.6
Earth Magic    | 1 2 3 |  3.6
Poison Magic   | 1 2 3 |  3.6
Throwing       | 3 5 |  5.2
Armour         | 3 5 |  5.2
Fighting       | 5 6 |  6.4
Polearms       | 5 6 |  6.4
Dodging        | 5 6 |  6.4
Translocations | 6 |  6.6

Action                   |  1- 3 |  4- 6 |  7- 9 || total
-------------------------+-------+-------+-------++-------
Melee: Spear             |    32 |       |       ||    32
       Bite              |     8 |    22 |    48 ||    78
       Trident           |    99 |   250 |   381 ||   730
       Punch             |     2 |     6 |    13 ||    21
Throw: Dart              |       |     3 |    31 ||    34
       Boomerang         |       |       |     1 ||     1
 Cast: Blink             |       |       |     2 ||     2
  Use: Scroll            |       |       |     4 ||     4
       Potion            |       |       |     1 ||     1
 Stab: Sleeping          |     3 |     3 |     2 ||     8
Armor: Leather armour    |    50 |    27 |    45 ||   122
       Robe              |       |    63 |   116 ||   179
       Skin              |       |       |     2 ||     2
Dodge: Dodged            |    58 |   140 |   270 ||   468
